Unix NetHack Version 3.7.0-97 Work-in-progress - last build Feb 9 2024 02:06:40 (6d6cdf8371b60126770a3d7b88910941cb14a054,branch:master). Game began 2024-02-12 14:41:17, ended 2024-05-04 08:47:52. Nyri, chaotic male elven Wizard ------------------------------------- --- --- |0....*..**..*..*..).....)............| |..-- --.-- --|.----------------#------------------.| ---....| |....-- ---.|.| ... |.| ---- |......-- |.....|--- |.....| - -..... |.|--..| --......| --...---.- |....0|)| |...... |.|...-- ---...-- --...--...| --....#.| |......+ | |.....| |..-| |.........-- |....| | n0....| ooo |.#....-- |...-- |-.........---------.| . ..0.- -%|....| |....| |....... ............| . .. . ) |0..- -----...-- --.---... .........-.| {o... .. .. |.-- ---.......| --- |....-..........| o.. -.0o--.. ... |.| |....------ ---.........)...| o -. .0 . - -.- |.| --.---- --...-----....| |. . o o . |.-- ------>.| ---- |.--- --.|*| ooo + . o @ .. |..---......- |..| --.| --|.| . .. | |......----- |..| ....| |.| ---- .--- .---------.|.----- --.--...-----------.| o ..0 .)%.....[.0.........#.| |..................-----------#-----.------#----------*| ------------------<.......))....%.o)...)...............| -------------------------------------- Nyri the Thaumaturge St:9 Dx:15 Co:13 In:20 Wi:10 Ch:9 Chaotic Dlvl:5 $:41 HP:0(46) Pw:32(75) AC:9 Xp:7/646 T:1987 Blind Latest messages: You feel here a crude dagger. You try to feel what is lying here on the floor. You feel here a crude dagger. You hit the hill orc. The hill orc hits! You hit the hill orc. The hill orc hits! You hit the hill orc. The hill orc hits! You hit the hill orc. The hill orc hits! You hit the hill orc. The hill orc hits! A wood nymph suddenly appears! You kill the hill orc! You try to feel what is lying here on the floor. N - a potion. You stop waiting. Pick an object. You try to feel what is lying here on the floor. There are several objects here. You are hit. In what direction? The spell hits the orc-captain! In what direction? The spell hits the orc-captain! You kill the orc-captain! You try to feel what is lying here on the floor. There are many objects here. Wait! There's something there you can't see! It hits! You destroy it! Welcome to experience level 7. You try to feel what is lying here on the floor. You feel here a mummy wrapping. What do you want to throw? In what direction? You feel more confident in your weapon skills. (Use the #enhance command to advance them.) The dagger hits Grisuakh of Ubaneai. # You are now more skilled in dagger. You hit Grisuakh of Ubaneai. Grisuakh of Ubaneai hits! In what direction? The spell misses Grisuakh of Ubaneai. Grisuakh of Ubaneai hits! You die... Do you want your possessions identified? [ynq] (y) Do you want to see your attributes? [ynq] (y) Inventory: Coins $ - 41 gold pieces Weapons s - 15 +0 darts (at the ready) I - 7 +0 daggers a - a blessed +1 quarterstaff (weapon in hands) Armor b - an uncursed +0 cloak of magic resistance (being worn) K - an uncursed +0 cloak of magic resistance Comestibles z - an uncursed food ration r - 2 cursed food rations u - an uncursed pancake B - 2 uncursed tripe rations Scrolls G - an uncursed scroll of earth j - an uncursed scroll of enchant armor q - an uncursed scroll of enchant weapon A - an uncursed scroll of fire i - an uncursed scroll of identify w - 2 uncursed scrolls of light y - an uncursed scroll of punishment L - an uncursed scroll of scare monster l - a blessed scroll of teleportation Potions x - an uncursed potion of confusion f - an uncursed potion of fruit juice N - an uncursed potion of gain level D - an uncursed potion of paralysis h - an uncursed potion of polymorph Rings e - an uncursed ring of conflict H - a cursed ring of hunger v - an uncursed ring of polymorph d - an uncursed ring of searching Wands E - a wand of lightning (0:4) M - a wand of lightning (0:3) c - a wand of make invisible (0:6) t - a wand of secret door detection (0:10) F - a wand of slow monster (0:8) Tools o - an uncursed leather drum n - a magic marker (0:20) p - a +0 pick-axe m - an uncursed skeleton key k - a cursed skeleton key Nyri the Wizard's attributes: Background: You were a Thaumaturge, a level 7 male elven Wizard. You were chaotic, nominally on a mission for Anhur who was opposed by Ptah (lawful) and Thoth (neutral). You were left-handed. You were in the Gnomish Mines, on level 5. You entered the dungeon 1987 turns ago. You had 646 experience points, 634 more were needed to attain level 8. Basics: You had 0 out of 46 hit points. You had 32 out of 75 energy points (spell power). Your armor class was 9. Your wallet contained 41 zorkmids. Autopickup was off. Final Characteristics: Your strength was 9 (limit:18). Your dexterity was 15 (limit:18). Your constitution was 13 (peak:14, limit:16). Your intelligence was 20 (limit:20). Your wisdom was 10 (limit:20). Your charisma was 9 (limit:18). Final Status: You were temporarily blind. You weren't hungry. You were unencumbered. You were wielding a quarterstaff. You had basic skill with quarterstaff. Final Attributes: You were devoutly aligned. You were magic-protected. You were sleep resistant. You were telepathic. You had infravision. You were warded. You are dead. Miscellaneous: You never encountered a bones level. Total elapsed playing time was 26 minutes and 24 seconds. Major events: Turn 1: Nyri the chaotic male elven Wizard entered the dungeon 396: attained the rank of Conjurer (level 3) 1006: entered the Gnomish Mines 1249: attained the rank of Thaumaturge (level 6) 1377: reached Mine Town 1987: killed by an Uruk-hai called Grisuakh of Ubaneai Vanquished creatures: 4 small mimics 3 orc-captains a housecat 2 Uruk-hai an orc shaman 4 gnome leaders a kobold mummy a floating eye 5 dwarves 7 hill orcs a centipede a giant bat a coyote a gas spore a hobbit 7 giant rats a red mold 15 gnomes 2 geckos 7 jackals a goblin 2 grid bugs 3 lichens 2 newts 74 creatures vanquished. No species were genocided or became extinct. Voluntary challenges: You were an atheist. You read items or engraved 3 times. You engraved Elbereth 1 time. You never genocided any monsters. You never polymorphed an object. You never changed form. You used no wishes. Achievements: You attained the rank of Conjurer. You entered the Gnomish Mines. You attained the rank of Thaumaturge. You entered Minetown. The Dungeons of Doom: levels 1 to 3 Level 1: Level 2: "spells:cl,fb,dm" A grave. Stairs down to The Gnomish Mines. Level 3: The Gnomish Mines: levels 3 to 6 Level 3: Level 4: Level 5: <- You were here. A fountain. Final resting place for you, killed by an Uruk-hai called Grisuakh of Ubaneai. Level 6: Game over: ---------- / \ / REST \ / IN \ / PEACE \ / \ | Nyri | | 41 Au | | killed by an | | Uruk-hai called | | Grisuakh of | | Ubaneai | | 2024 | *| * * * | * _________)/\\_//(\/(/\)/\//\/|_)_______ Goodbye Nyri the Wizard... You died in The Gnomish Mines on dungeon level 5 with 2911 points, and 41 pieces of gold, after 1987 moves. You were level 7 with a maximum of 46 hit points when you died.